 Dungeon Crawl Stone Soup version 0.30.0-10-gfe55d96785 (webtiles) character file.

Game seed: 10475456814541869516

20 hawla the Firebug (level 3, -8/26 HPs)
             Began as a Meteoran Fire Elementalist on May 14, 2023.
             Mangled by a gnoll
             ... wielding a +0 flail
              (9 damage)
             ... on level 4 of the Dungeon.
             The game lasted 00:01:33 (283 turns).

hawla the Firebug (Meteoran Fire Elementalist)       Turns: 283, Time: 00:01:34

Health: -8/26      AC:  2    Str:  9    XL:     3   Next: 14%
Magic:  6/8        EV: 12    Int: 18    God:
Gold:   40         SH:  0    Dex: 15    Spells: 5/8 levels left

rFire   . . .        (no weapon)
rCold   . . .        (no shield)
rNeg    . . .        a - +0 robe
rPois   .            (no helmet)
rElec   .            (no cloak)
rCorr   .            (no gloves)
SInv    .            (no boots)
Will    .....        (no amulet)
Stlth   +            (no ring)
HPRegen 0.24/turn    (no ring)
MPRegen 0.11/turn

%: no passive effects
@: glowing
A: sense surroundings 1, otherworldly, glowing, explore regen
a: no special abilities


You were on level 4 of the Dungeon.
You visited 1 branch of the dungeon, and saw 4 of its levels.

You collected 40 gold pieces.

Inventory:

Armour
 a - a +0 robe (worn)
Scrolls
 d - a scroll of identify {unknown}
Potions
 b - a potion of magic
 c - a potion of haste {unknown}
 e - a potion of mutation {unknown}
 f - a potion of curing {unknown}
 g - a potion of flight {unknown}


   Skills:
 + Level 2.6 Dodging
 - Level 1.4 Stealth
 + Level 3.1 Spellcasting
 + Level 1.3 Conjurations
 + Level 4.3 Fire Magic


You had 5 spell levels left.
You knew the following spells:

 Your Spells              Type           Power      Damage    Failure   Level
a - Foxfire               Conj/Fire      52%        2x1d6     4%          1
b - Scorch                Fire           36%        2d7       4%          2

Your spell library contained the following spells:

 Spells                   Type           Power      Damage    Failure   Level
 Inner Flame              Hex/Fire       10%        N/A       21%         3
 Volatile Blastmotes      Fire/Tloc      20%        2d11      21%         3
 Flame Wave               Conj/Fire      13%        2d6       45%         4


Dungeon Overview and Level Annotations

Branches:
Dungeon (4/15) Zot: 2116
 Temple: D:4-7

Altars:

Shops:
D:4 [


Innate Abilities, Weirdness & Mutations

You passively map a small area around you.
You are easily found by Zot.
You glow in the dark.
You regain HP and MP as you explore.


Message History

Confirm with . or Enter, or press ? or * to list all spells.
You conjure some foxfire!
Casting: Foxfire (safe; 4% risk of failure)
Confirm with . or Enter, or press ? or * to list all spells.
Flames lash the ball python.
You kill the ball python!
Unknown command.
Your foxfire dissipates!
g - a smoky black potion An orc comes into view.
It is wielding a +0 dagger.
The orc shouts!
Casting: Scorch (safe; 4% risk of failure)
Confirm with . or Enter, or press ? or * to list all spells.
You conjure some foxfire!
The foxfire hits the orc.
The orc is heavily wounded.
The foxfire hits the orc.
You kill the orc! 2 gnolls and a kobold come into view.
The kobold is wielding a +2 whip of venom.
The gnoll shouts! x2; You hear a shout!
The gnoll throws a throwing net.
The throwing net barely misses you.
A gnoll comes into view. It is wielding a +0 spear.
You see here a throwing net.
Casting: Foxfire (safe; 4% risk of failure)
Confirm with . or Enter, or press ? or * to list all spells.
You conjure some foxfire!
The gnoll throws a throwing net.
The throwing net closely misses you.
Your foxfire dissipates!
The foxfire hits the gnoll but does no damage.
The gnoll hits you from afar with a +0 halberd!
Casting: Foxfire (safe; 4% risk of failure)
Confirm with . or Enter, or press ? or * to list all spells.
You don't know that spell.
Okay, then.
The gnoll hits you from afar with a +0 halberd!
Ouch! That really hurt!
* * * LOW HITPOINT WARNING * * *
The gnoll hits you with a +0 flail!
You die...

, , , * *#######.# ,
,., , #.......#...# ,
* #. ##...#...#...# ,
... +....#..^#...#
,...##...#...#...# *
, , #.....#...#...#
** * * #.§(#...# ..#
#§.@....###.######. ,
,
,#Kg###.............,
, * *
#.g###.####.########
, , *,
#.g#.....##.#.......
**
#..#.#.#.##.#.#####.
*,#..#.#.#.#..#†# #.
, ...#)#.#.#.##.###
#. ##+#.#..........#
#. , , ..#######...##
#.


You could see 3 gnolls and a kobold.

Vanquished Creatures
  An adder (D:4)
  A dart slug (D:2)
  An orc (D:4)
  3 endoplasms
  A goblin (D:1)
  A ball python (D:4)
8 creatures vanquished.

Vanquished Creatures (others)
  15 foxfires
15 creatures vanquished.

Grand Total: 23 creatures vanquished

Notes
Turn   | Place    | Note
-------+----------+-------------------------------------------
     0 | D:1      | hawla the Meteoran Fire Elementalist began the quest for
                  | the Orb.
     0 | D:1      | Reached XP level 1. HP: 14/14 MP: 5/5
   128 | D:2      | Reached skill level 4 in Fire Magic
   128 | D:2      | Reached XP level 2. HP: 20/20 MP: 6/6
   181 | D:4      | Learned a level 2 spell: Scorch
   214 | D:4      | Found Ompait's Armour Boutique.
   248 | D:4      | Reached XP level 3. HP: 26/26 MP: 2/8
   283 | D:4      | HP: 1/26 [gnoll/+0 halberd (14)]
   283 | D:4      | Mangled by a gnoll

Illustrated notes

Levels and vault maps discovered:
D:1:      amcnicky_arrival_abandoned_market, layout_loops_corners
D:2:      layout_basic, dreamdust_ecumenical_altar_drowned_temple
D:3:      layout_basic, amcnicky_altar_gilded, ashenzari_conservatory_becter
D:4:      layout_basic, mainiacjoe_overflow_small_starburst, serial_shops, shop,
          minmay_misc_feat_five, uniq_natasha

Skill      XL: |  1  2 |
---------------+-------+-----
Fire Magic     | 4 |  4.3
Spellcasting   | 3 |  3.1
Dodging        | |  2.6
Stealth        | |  1.4
Conjurations   | |  1.3

Action                     || total
---------------------------++-------
  Melee: Unarmed           ||     3
   Cast: Foxfire           ||    10
         Scorch            ||     3
 Armour: Robe              ||     2
  Dodge: Dodged            ||     3
